| TOP OF THE 1ST |
|
Southern Maryland Blue Crabs batting - Pitching for Hamilton Cardinals : RHP Ryan Zart
|
|
Pitching: RHP Ryan Zart
|
|
|
Batting: RHB Eddie Morin
|
0-0: Foul Ball, location: 2F 0-1: Called Strike 0-2: Ball 1-2: Ball 2-2: Ball 3-2: Foul Ball, location: 2F 3-2: Ground out 6-3 (Groundball, 6, EV 83.8 MPH)
|
|
Batting: RHB Pedro Luera
|
0-0: Ball 1-0: Called Strike 1-1: Swinging Strike 1-2: Reached on error, E4 (Groundball, 4, EV 85.6 MPH)
|
|
Batting: LHB Sam Hontz
|
0-0: Called Strike 0-1: Ball 1-1: Ball 2-1: Reached on error, E4 (Groundball, 4, EV 84.4 MPH) Pedro Luera to third
|
|
Batting: RHB Josh Ludwig
|
0-0: Called Strike Sam Hontz is caught stealing 2nd base 2-4 0-1: Ball 1-1: Swinging Strike 1-2: Ball 2-2: Strikes out looking
|
| Top of the 1st over - 0 runs, 0 hits, 2 errors, 1 left on base; Southern Maryland 0 - Hamilton 0 |
| BOTTOM OF THE 1ST |
|
Hamilton Cardinals batting - Pitching for Southern Maryland Blue Crabs : RHP Ju-wei Chi
|
|
Pitching: RHP Ju-wei Chi
|
|
|
Batting: SHB Kelly Brooks
|
0-0: SOLO HOME RUN (Flyball, 7LD, EV 88.8 MPH), Distance : 334 ft
|
|
Batting: LHB Rafael Banda
|
0-0: Foul Ball, location: 2F 0-1: Foul Ball, location: 2F 0-2: Ball 1-2: Ball 2-2: Ball 3-2: Fly out, F7 (Flyball, 7, EV 91.2 MPH)
|
|
Batting: SHB J.T. Ready
|
0-0: Swinging Strike 0-1: Ball 1-1: Ball 2-1: Swinging Strike 2-2: Foul Ball, location: 2F 2-2: Ball 3-2: Strikes out swinging
|
|
Batting: RHB Shou-feng Chang
|
0-0: Called Strike 0-1: Ground out 5-3 (Groundball, 5S, EV 67.5 MPH)
|
| Bottom of the 1st over - 1 run, 1 hit, 0 errors, 0 left on base; Southern Maryland 0 - Hamilton 1 |
| TOP OF THE 2ND |
|
Southern Maryland Blue Crabs batting - Pitching for Hamilton Cardinals : RHP Ryan Zart
|
|
Batting: SHB John Hiles
|
0-0: Ball 1-0: Called Strike 1-1: DOUBLE (Flyball, 8RXD, EV 110.6 MPH)
|
|
Batting: RHB Oscar Chapa
|
0-0: Ball 1-0: Foul Ball, location: 2F 1-1: Ball 2-1: Ball 3-1: Base on Balls
|
|
Batting: LHB Taylor Plummer
|
0-0: Called Strike 0-1: Called Strike 0-2: Ball 1-2: Foul Ball, location: 2F 1-2: Strikes out swinging
|
|
Batting: RHB Tyler Cohen
|
0-0: Ball 1-0: SINGLE (Flyball, 8RS, EV 100.0 MPH) John Hiles to third Oscar Chapa to second
|
|
Batting: LHB Stu Proulx
|
0-0: Fielders Choice at 2nd, 5-4 (Groundball, 56, EV 85.0 MPH) John Hiles scores Oscar Chapa to third
|
|
Batting: RHB Eddie Morin
|
0-0: Ball 1-0: Called Strike 1-1: Ball 2-1: Swinging Strike 2-2: Strikes out swinging
|
| Top of the 2nd over - 1 run, 2 hits, 0 errors, 2 left on base; Southern Maryland 1 - Hamilton 1 |
| BOTTOM OF THE 2ND |
|
Hamilton Cardinals batting - Pitching for Southern Maryland Blue Crabs : RHP Ju-wei Chi
|
|
Batting: LHB Pete Mitchell
|
0-0: Foul Ball, location: 2F 0-1: Ball 1-1: Ball 2-1: Fly out, F8 (Line Drive, 78M, EV 107.5 MPH)
|
|
Batting: RHB Kyle Franken
|
0-0: Foul Ball, location: 2F 0-1: Ball 1-1: Ball 2-1: Foul Ball, location: 2F 2-2: SINGLE (Groundball, 56D, EV 102.5 MPH)
|
|
Batting: SHB Brad Meyer
|
0-0: Ball 1-0: Called Strike 1-1: Foul Ball, location: 2F 1-2: Strikes out swinging
|
|
Batting: RHB Dan Wages
|
0-0: Ball 1-0: Called Strike 1-1: Fly out, F9 (Line Drive, 9S, EV 91.2 MPH)
|
| Bottom of the 2nd over - 0 runs, 1 hit, 0 errors, 1 left on base; Southern Maryland 1 - Hamilton 1 |
| TOP OF THE 3RD |
|
Southern Maryland Blue Crabs batting - Pitching for Hamilton Cardinals : RHP Ryan Zart
|
|
Batting: RHB Pedro Luera
|
0-0: Ball 1-0: Ball 2-0: Called Strike 2-1: Foul Ball, location: 2F 2-2: Foul Ball, location: 2F 2-2: Strikes out swinging
|
|
Batting: LHB Sam Hontz
|
0-0: Ball 1-0: Ball 2-0: Fly out, F7 (Flyball, 7D, EV 79.4 MPH)
|
|
Batting: RHB Josh Ludwig
|
0-0: Fly out, F7 (Flyball, 78M, EV 95.0 MPH)
|
| Top of the 3rd over - 0 runs, 0 hits, 0 errors, 0 left on base; Southern Maryland 1 - Hamilton 1 |
| BOTTOM OF THE 3RD |
|
Hamilton Cardinals batting - Pitching for Southern Maryland Blue Crabs : RHP Ju-wei Chi
|
|
Batting: RHB Seung-kab Park
|
0-0: Fly out, F9 (Flyball, 9LSF, EV 89.4 MPH)
|
|
Batting: SHB Kelly Brooks
|
0-0: Foul Ball, location: 2F 0-1: Ball 1-1: Foul Ball, location: 2F 1-2: Ball 2-2: Foul Ball, location: 2F 2-2: Fly out, F7 (Flyball, 7, EV 83.1 MPH)
|
|
Batting: LHB Rafael Banda
|
0-0: Called Strike 0-1: Foul Ball, location: 2F 0-2: Ball 1-2: Ball 2-2: Ball 3-2: Base on Balls
|
|
Batting: SHB J.T. Ready
|
0-0: Foul Ball, location: 2F 0-1: Swinging Strike 0-2: Ball 1-2: Foul Ball, location: 2F 1-2: Strikes out swinging
|
| Bottom of the 3rd over - 0 runs, 0 hits, 0 errors, 1 left on base; Southern Maryland 1 - Hamilton 1 |
| TOP OF THE 4TH |
|
Southern Maryland Blue Crabs batting - Pitching for Hamilton Cardinals : RHP Ryan Zart
|
|
Batting: SHB John Hiles
|
0-0: SINGLE (Groundball, 3D, EV 95.6 MPH)
|
|
Batting: RHB Oscar Chapa
|
0-0: Grounds into double play, 4-6-3 (Groundball, 4M, EV 91.2 MPH)
|
|
Batting: LHB Taylor Plummer
|
0-0: Called Strike 0-1: Foul Ball, location: 2F 0-2: Ball 1-2: Fly out, F8 (Flyball, 8LD, EV 101.2 MPH)
|
| Top of the 4th over - 0 runs, 1 hit, 0 errors, 0 left on base; Southern Maryland 1 - Hamilton 1 |
| BOTTOM OF THE 4TH |
|
Hamilton Cardinals batting - Pitching for Southern Maryland Blue Crabs : RHP Ju-wei Chi
|
|
Batting: RHB Shou-feng Chang
|
0-0: Ball 1-0: Ball 2-0: Ball 3-0: Called Strike 3-1: Swinging Strike 3-2: Strikes out swinging
|
|
Batting: LHB Pete Mitchell
|
0-0: Ball 1-0: Fly out, F9 (Flyball, 9S, EV 86.2 MPH)
|
|
Batting: RHB Kyle Franken
|
0-0: SOLO HOME RUN (Flyball, 7D, EV 96.2 MPH), Distance : 366 ft
|
|
Batting: SHB Brad Meyer
|
0-0: Called Strike 0-1: Ball 1-1: Foul Ball, location: 2F 1-2: Ball 2-2: Ball 3-2: Strikes out looking
|
| Bottom of the 4th over - 1 run, 1 hit, 0 errors, 0 left on base; Southern Maryland 1 - Hamilton 2 |
| TOP OF THE 5TH |
|
Southern Maryland Blue Crabs batting - Pitching for Hamilton Cardinals : RHP Ryan Zart
|
|
Batting: RHB Tyler Cohen
|
0-0: Ball 1-0: Swinging Strike 1-1: Ball 2-1: Fly out, F7 (Flyball, 7D, EV 76.9 MPH)
|
|
Batting: LHB Stu Proulx
|
0-0: Fly out, F7 (Flyball, 7, EV 90.6 MPH)
|
|
Batting: RHB Eddie Morin
|
0-0: Swinging Strike 0-1: Foul Ball, location: 2F 0-2: Strikes out swinging
|
| Top of the 5th over - 0 runs, 0 hits, 0 errors, 0 left on base; Southern Maryland 1 - Hamilton 2 |
| BOTTOM OF THE 5TH |
|
Hamilton Cardinals batting - Pitching for Southern Maryland Blue Crabs : RHP Ju-wei Chi
|
|
Batting: RHB Dan Wages
|
0-0: Ball 1-0: Fly out, F9 (Flyball, 9S, EV 81.9 MPH)
|
|
Batting: RHB Seung-kab Park
|
0-0: Called Strike 0-1: Ball 1-1: Called Strike 1-2: DOUBLE (Line Drive, 9LM, EV 104.4 MPH)
|
|
Batting: SHB Kelly Brooks
|
0-0: Called Strike 0-1: Fly out, F7 (Flyball, 7D, EV 106.2 MPH) Runner from 2nd tags up, SAFE at 3rd, no throw by LF
|
|
Batting: LHB Rafael Banda
|
0-0: Fly out, F6 (Line Drive, 56D, EV 74.4 MPH)
|
| Bottom of the 5th over - 0 runs, 1 hit, 0 errors, 1 left on base; Southern Maryland 1 - Hamilton 2 |
| TOP OF THE 6TH |
|
Southern Maryland Blue Crabs batting - Pitching for Hamilton Cardinals : RHP Ryan Zart
|
|
Batting: RHB Pedro Luera
|
0-0: Ball 1-0: Fly out, F9 (Flyball, 89S, EV 88.8 MPH)
|
|
Batting: LHB Sam Hontz
|
0-0: Ball 1-0: Called Strike 1-1: Ball 2-1: Ball 3-1: Called Strike 3-2: Foul Ball, location: 2F 3-2: Strikes out looking
|
|
Batting: RHB Josh Ludwig
|
0-0: Ball 1-0: Ball 2-0: Fly out, F8 (Flyball, 78M, EV 91.9 MPH)
|
| Top of the 6th over - 0 runs, 0 hits, 0 errors, 0 left on base; Southern Maryland 1 - Hamilton 2 |
| BOTTOM OF THE 6TH |
|
Hamilton Cardinals batting - Pitching for Southern Maryland Blue Crabs : RHP Ju-wei Chi
|
|
Batting: SHB J.T. Ready
|
0-0: Foul Ball, location: 2F 0-1: Foul Ball, location: 2F 0-2: Ball 1-2: Ground out 6-3 (Groundball, 6, EV 87.5 MPH)
|
|
Batting: RHB Shou-feng Chang
|
0-0: Ball 1-0: Called Strike 1-1: Swinging Strike 1-2: Ball 2-2: Ball 3-2: Foul Ball, location: 2F 3-2: Strikes out looking
|
|
Batting: LHB Pete Mitchell
|
0-0: Ball 1-0: Called Strike 1-1: Reached on error, E6 (Groundball, 6, EV 101.9 MPH)
|
|
Batting: RHB Kyle Franken
|
0-0: Foul Ball, location: 2F 0-1: Ball 1-1: Foul Ball, location: 2F 1-2: Ball 2-2: Foul Ball, location: 2F 2-2: Fly out, F3 (Popup, 3SF, EV 75.0 MPH)
|
| Bottom of the 6th over - 0 runs, 0 hits, 1 error, 1 left on base; Southern Maryland 1 - Hamilton 2 |
| TOP OF THE 7TH |
|
Southern Maryland Blue Crabs batting - Pitching for Hamilton Cardinals : RHP Ryan Zart
|
|
Batting: SHB John Hiles
|
0-0: Ball 1-0: Called Strike 1-1: Ball 2-1: Ball 3-1: Fly out, F5 (Popup, 5S, EV 65.0 MPH)
|
|
Pitching: LHP Hylnur Albertsson
|
|
|
Batting: RHB Oscar Chapa
|
0-0: Called Strike 0-1: Foul Ball, location: 2F 0-2: Ball 1-2: Ball 2-2: Foul Ball, location: 2F 2-2: Foul Ball, location: 2F 2-2: Ball 3-2: Foul Ball, location: 2F 3-2: Strikes out swinging
|
|
Pinch Hitting: RHB Jeff Parlo
|
0-0: Swinging Strike 0-1: Fly out, F7 (Flyball, 7, EV 91.9 MPH)
|
| Top of the 7th over - 0 runs, 0 hits, 0 errors, 0 left on base; Southern Maryland 1 - Hamilton 2 |
| BOTTOM OF THE 7TH |
|
Hamilton Cardinals batting - Pitching for Southern Maryland Blue Crabs : RHP Ju-wei Chi
|
|
Now in LF: Jeff Parlo
|
|
|
Batting: SHB Brad Meyer
|
0-0: Foul Ball, location: 2F 0-1: Fly out, F7 (Flyball, 7S, EV 88.8 MPH)
|
|
Batting: RHB Dan Wages
|
0-0: Called Strike 0-1: Bunt for hit to 5S - play at first, batter OUT! 5-3
|
|
Batting: RHB Seung-kab Park
|
0-0: Foul Ball, location: 2F 0-1: Called Strike 0-2: Fly out, F6 (Flyball, 6D, EV 89.4 MPH)
|
| Bottom of the 7th over - 0 runs, 0 hits, 0 errors, 0 left on base; Southern Maryland 1 - Hamilton 2 |
| TOP OF THE 8TH |
|
Southern Maryland Blue Crabs batting - Pitching for Hamilton Cardinals : LHP Hylnur Albertsson
|
|
Batting: RHB Tyler Cohen
|
0-0: Called Strike 0-1: Called Strike 0-2: Fly out, F2 (Popup, 3SF, EV 86.9 MPH)
|
|
Pinch Hitting: RHB Adam Beal
|
0-0: Called Strike 0-1: Foul Ball, location: 2F 0-2: Ball 1-2: Ball 2-2: Foul Ball, location: 2F 2-2: Strikes out swinging
|
|
Batting: RHB Eddie Morin
|
0-0: Ball 1-0: Called Strike 1-1: Swinging Strike 1-2: SINGLE (Groundball, 6D, EV 100.6 MPH)
|
|
Batting: RHB Pedro Luera
|
0-0: Fly out, F3 (Popup, 34S, EV 76.2 MPH)
|
| Top of the 8th over - 0 runs, 1 hit, 0 errors, 1 left on base; Southern Maryland 1 - Hamilton 2 |
| BOTTOM OF THE 8TH |
|
Hamilton Cardinals batting - Pitching for Southern Maryland Blue Crabs : RHP Ju-wei Chi
|
|
Now at 3B: Willie Carmona
|
|
|
Now in LF: Sam Hontz
|
|
|
Now in RF: Jeff Parlo
|
|
|
Batting: SHB Kelly Brooks
|
0-0: Ball 1-0: Ball 2-0: Called Strike 2-1: Ball 3-1: Foul Ball, location: 2F 3-2: Base on Balls
|
|
Pitching: RHP Kyung-won Kim
|
|
|
Batting: LHB Rafael Banda
|
0-0: Called Strike 0-1: Ball 1-1: Ball 2-1: Foul Ball, location: 2F 2-2: Foul Ball, location: 2F 2-2: Ball 3-2: Foul Ball, location: 2F 3-2: Base on Balls Kelly Brooks to second
|
|
Batting: SHB J.T. Ready
|
0-0: Called Strike 0-1: 3-RUN HOME RUN (Flyball, 9D, EV 96.9 MPH), Distance : 394 ft
|
|
Batting: RHB Shou-feng Chang
|
0-0: Ball 1-0: Swinging Strike 1-1: Foul Ball, location: 2F 1-2: Ball 2-2: Strikes out swinging
|
|
Batting: LHB Pete Mitchell
|
0-0: Ball 1-0: Ball 2-0: Called Strike 2-1: Foul Ball, location: 2F 2-2: Strikes out swinging, 2-3 out at first.
|
|
Batting: RHB Kyle Franken
|
0-0: Called Strike 0-1: Swinging Strike 0-2: Foul Ball, location: 2F 0-2: Ball 1-2: Foul Ball, location: 2F 1-2: Strikes out swinging
|
| Bottom of the 8th over - 3 runs, 1 hit, 0 errors, 0 left on base; Southern Maryland 1 - Hamilton 5 |
| TOP OF THE 9TH |
|
Southern Maryland Blue Crabs batting - Pitching for Hamilton Cardinals : LHP Hylnur Albertsson
|
|
Batting: LHB Sam Hontz
|
0-0: Ball 1-0: Ball 2-0: SINGLE (Groundball, 34S, EV 73.8 MPH) (infield hit)
|
|
Batting: RHB Josh Ludwig
|
0-0: Ball 1-0: Ball 2-0: Ball 3-0: Called Strike 3-1: Foul Ball, location: 2F 3-2: Strikes out looking
|
|
Batting: SHB John Hiles
|
0-0: Ball 1-0: Ball 2-0: Called Strike 2-1: Ball 3-1: Base on Balls Sam Hontz to second
|
|
Pitching: RHP David Lopez
|
|
|
Batting: RHB Oscar Chapa
|
0-0: Called Strike 0-1: Called Strike 0-2: Ball 1-2: Fly out, F8 (Line Drive, 8LD, EV 95.6 MPH)
|
|
Batting: RHB Jeff Parlo
|
0-0: Swinging Strike 0-1: Swinging Strike 0-2: Foul Ball, location: 2F 0-2: Strikes out swinging
|
| Top of the 9th over - 0 runs, 1 hit, 0 errors, 2 left on base; Southern Maryland 1 - Hamilton 5 |
|